 Dungeon Crawl Stone Soup version 0.21-a0-529-g8c7b3f5 (webtiles) character file.

51 Lasiace the Chiller (level 3, 0/24 HPs)
             Began as a Demonspawn Ice Elementalist on Dec 9, 2017.
             Slain by a worm (11 damage)
             ... on level 2 of the Dungeon.
             The game lasted 00:05:44 (1359 turns).

Lasiace the Chiller (Demonspawn Ice Elementalist)   Turns: 1359, Time: 00:05:45

Health: 0/24       AC:  2    Str: 13    XL:     3   Next: 58%
Magic:  3/6        EV: 12    Int: 17    God:
Gold:   54         SH:  0    Dex: 13    Spells: 6/7 levels left

rFire    . . .     SeeInvis .   a - +0 dagger
rCold    . . .     Gourm    .   (no shield)
rNeg     . . .     Faith    .   e - +0 robe
rPois    .         Spirit   .   (no helmet)
rElec    .         Reflect  .   (no cloak)
rCorr    +         Harm     .   (no gloves)
MR       .....                  (no boots)
Stlth    ++........             n - amulet of rage
HPRegen  0.08/turn              h - ring of resist corrosion
MPRegen  0.10/turn              (no ring)

@: mighty
A: powered by pain 1
a: Evoke Berserk Rage


You were on level 2 of the Dungeon.
You were not hungry.

You visited 1 branch of the dungeon, and saw 2 of its levels.

You collected 54 gold pieces.

Inventory:

Hand Weapons
 a - a +0 dagger (weapon)
Missiles
 d - 22 sling bullets
 Q - a stone (quivered)
Armour
 e - a +0 robe (worn)
Jewellery
 h - a ring of resist corrosion (left hand)
 n - an amulet of rage (around neck)
Scrolls
 g - 2 scrolls of teleportation {unknown}
 i - 2 scrolls of identify {unknown}
 j - a scroll of blinking {unknown}
 k - a scroll of amnesia {unknown}
 l - a scroll of remove curse {unknown}
 p - a scroll of immolation {unknown}
Potions
 f - a potion of invisibility {unknown}
 m - a potion of ambrosia {unknown}
 q - a potion of might {unknown}
Books
 b - a book of Frost

   Spells                             Type                      Level
   a - Freeze                         Ice                          1
   b - Throw Frost                    Conjuration/Ice              2
   c - Ozocubu's Armour               Charms/Ice                   3
   d - Throw Icicle                   Conjuration/Ice              4
   e - Summon Ice Beast               Ice/Summoning                4
Comestibles
 c - a bread ration
 o - 3 chunks of flesh


   Skills:
 + Level 2.3 Dodging
 - Level 1.7 Stealth
 + Level 2.5 Spellcasting
   Level 1.0 Conjurations
 * Level 3.5 Ice Magic


You had 6 spell levels left.
You knew the following spells:

 Your Spells              Type           Power        Failure   Level  Hunger
a - Freeze                Ice            ##..         4%          1    #......


Dungeon Overview and Level Annotations

Branches:
Dungeon (2/15)

Altars:


Innate Abilities, Weirdness & Mutations

You sometimes gain a little power by taking damage.


Message History

Ouch! That really hurt!
You focus on the pain.
You feel very mighty all of a sudden.
You are too injured to fight recklessly!
Casting: Freeze
Confirm with . or Enter, or press ? or * to list all spells.
Aiming: Freeze
Press: ? - help, Shift-Dir - straight line, f/p - worm
Aim: a worm (moderately wounded)
You freeze the worm.
The worm is severely wounded.
Casting: Freeze
Confirm with . or Enter, or press ? or * to list all spells.
Aiming: Freeze
Press: ? - help, Shift-Dir - straight line, f/p - worm
Aim: a worm (severely wounded)
You freeze the worm.
The worm is almost dead.
The worm bites you!
You die...

#...#.....
.......(.##(.......#####
..(....(.##.#...#.......
...(...(.#..............
....(..(..( #.<......
......<(..# ##.......
.......(#(#######.......
.......w..#.............
###......@).#.##.#....#...
#.$.#.........#........)##
#...#................####
#...#..........###...####
#..<........###...........
#...#................#####
#....................#
....#.#...#.###.....#####
.............##..........


You could see a worm.

Vanquished Creatures
  2 adders (D:2)
  A leopard gecko (D:1)
  4 bats (D:1)
  5 goblins
  3 hobgoblins (D:1)
  8 kobolds
  A quokka (D:2)
  4 frilled lizards (D:2)
  5 rats (D:1)
33 creatures vanquished.

Notes
Turn   | Place    | Note
-------+----------+-------------------------------------------
     0 | D:1      | Lasiace the Demonspawn Ice Elementalist began the quest for the Orb.
     0 | D:1      | Reached XP level 1. HP: 13/13 MP: 3/3
   337 | D:1      | Reached skill level 3 in Ice Magic
   363 | D:1      | Gained mutation: You sometimes gain a little power by taking damage. [demonic ancestry]
   363 | D:1      | Reached XP level 2. HP: 19/19 MP: 0/5
  1186 | D:2      | Reached XP level 3. HP: 20/24 MP: 1/6
  1359 | D:2      | Slain by a worm

Vault maps used:
D:1:      minmay_arrival_doors, minmay_statues_item
D:2:      nicolae_qazlal_style_of_elements, uniq_jessica

Skill      XL: |  1 |
---------------+----+-----
Dodging        | 2 |  2.3
Ice Magic      | 3 |  3.5
Stealth        | |  1.7
Spellcasting   | |  2.5
Conjurations   | |  1.0

Action                   || total
-------------------------++-------
Melee: Dagger            ||    23
Throw: Stone             ||   104
 Cast: Freeze            ||    41
 Stab: Sleeping          ||     1
  Eat: Chunk             ||     2
Armor: Robe              ||     6
Dodge: Dodged            ||    34

Table legend:
 A = Spawn XP
 B = Non-spawn XP
 C = Spawn XP percentage of total XP
 D = Spawn monster count
 E = Non-spawn monster count
 F = Spawn count percentage of total count
 G = Total turns spent on level
                    A         B        C        D         E        F      G
               +---------+---------+-------+---------+---------+-------+---------
         Total |       0 |      74 |   0.0 |       0 |      33 |   0.0 |  1359
               +---------+---------+-------+---------+---------+-------+---------
           D:1 |       0 |      33 |   0.0 |       0 |      20 |   0.0 |  1099
           D:2 |       0 |      41 |   0.0 |       0 |      13 |   0.0 |   260
               +---------+---------+-------+---------+---------+-------+---------
